Map: Emerald City LE

Players

Massa - Winner!

  • Race: Terran Terran
  • League: Platinum
  • Spawn Location: 11:00

qqq - Winner!

  • Race: Zerg Zerg
  • League: Platinum
  • Spawn Location: 11:00

Weasel

  • Race: Protoss Protoss
  • League: Platinum
  • Spawn Location: 5:00

Mastermind

  • Race: Zerg Zerg
  • League: Diamond
  • Spawn Location: 5:00

VOD

Have the link to the VOD?

Description

Time

  • Played on: Sept. 6, 2020, 10:14 a.m.
  • Length: 17:02
Show
View Real Time Build Order
Export as new Build Order

Massa Terran - Winner!

Build Orders: Gas First Reaper Expand 

Get SALT Encoding   

  12  0:00  SCV  
  13  0:12  SCV  
  14  0:18  Supply Depot  
  14  0:24  SCV  
  15  0:31  Refinery  
  15  0:41  Barracks  
  15  0:48  SCV  
  16  1:00  SCV  
  17  1:12  SCV  
  18  1:24  SCV  
  19  1:29  Reaper  
  20  1:36  Command Center  
  20  1:42  SCV  
  21  1:58  SCV, Factory  
  21  2:01  Marine  
  23  2:13  Orbital Command  
  23  2:23  Barracks Reactor, Supply Depot  
  23  3:00  Orbital Command  
  23  3:02  SCV  
  24  3:14  SCV, Command Center  
  24  3:15  Barracks Tech Lab  
  25  3:20  Hellion  
  25  3:26  SCV  
  28  3:29  Hellion  
  28  3:30  SCV  
  31  3:36  Marauder  
  31  3:38  SCV  
  34  3:42  SCV  
  34  3:45  Barracks  
  35  3:49  Hellion  
  35  3:50  SCV, Hellion  
  40  4:10  SCV x2  
  42  4:18  Widow Mine x2  
  42  4:23  SCV  
  46  4:24  SCV  
  46  4:26  Marauder  
  46  4:30  Orbital Command  
  47  4:35  SCV  
  47  4:36  SCV  
  49  4:39  Barracks Reactor  
  49  4:47  Marauder  
  49  4:50  Engineering Bay  
  51  5:00  SCV  
  51  5:01  SCV x2  
  54  5:08  Marauder  
  54  5:12  SCV  
  54  5:13  SCV x2  
  54  5:14  Hellion  
  61  5:20  Supply Depot  
  61  5:24  Refinery  
  61  5:35  SCV  
  60  5:40  Orbital Command  
  60  5:41  Hellion, Marauder  
  60  5:42  Supply Depot  
  64  6:03  Marauder  
  61  6:09  Marine x2  
  59  6:14  Missile Turret  
  55  6:20  Starport  
  55  6:22  Starport  
  55  6:24  Marauder  
  55  6:25  SCV  
  51  6:26  Refinery, Starport, Marine  
  51  6:27  SCV x2, Marine  
  55  6:36  Widow Mine x2, Missile Turret  
  55  6:37  SCV  
  55  6:39  Refinery, SCV x2  
  62  6:44  Marine x2  
  62  6:45  Marine  
  65  6:49  SCV  
  65  6:51  SCV x2  
  65  6:53  Missile Turret  
  68  6:57  Widow Mine x2, Missile Turret, Viking  
  68  6:59  Viking  
  77  7:01  SCV  
  77  7:10  Supply Depot  
  77  7:15  Marine x3  
  77  7:16  SCV x3  
  77  7:22  Viking  
  85  7:28  Refinery  
  85  7:30  Refinery  
  85  7:31  SCV x3, Viking  
  85  7:33  Marine, Supply Depot  
  85  7:34  Widow Mine  
  93  7:49  Armory  
  93  7:51  Engineering Bay  
  93  7:54  Marine x2, Viking  
  93  7:55  Widow Mine, SCV x2  
  101  7:59  Missile Turret  
  101  8:19  Factory  
  101  8:20  Missile Turret  
  101  8:23  Factory  
  101  8:32  Supply Depot  
  101  8:33  Supply Depot  
  101  8:35  Missile Turret  
  101  8:42  Missile Turret  
  101  8:54  Marine x3, Viking x3  
  110  8:56  Missile Turret, Supply Depot  
  110  8:57  Supply Depot  
  110  9:05  Missile Turret  
  110  9:08  Factory Tech Lab, Stimpack  
  110  9:10  Factory Tech Lab x2  
  110  9:11  Barracks, Marine x3  
  110  9:16  Missile Turret  
  113  9:25  Missile Turret  
  113  9:29  Marine  
  114  9:36  Thor  
  114  9:37  Thor  
  126  9:38  Thor  
  132  9:59  Terran Ship Weapons Level 1  
  132  10:07  Command Center  
  132  10:14  Smart Servos  
  132  10:15  Drilling Claws  
  132  10:32  Supply Depot  
  132  10:34  Supply Depot x2  
  132  10:47  Marine, Combat Shield  
  133  10:53  Marine, Terran Infantry Weapons Level 1, Viking x3  
  133  10:55  Supply Depot  
  133  10:56  Thor x2  
  152  10:58  SCV x2, Supply Depot  
  152  10:59  SCV  
  152  11:00  Supply Depot  
  155  11:10  SCV  
  155  11:11  SCV  
  157  11:16  SCV, Thor  
  164  11:18  Supply Depot  
  164  11:21  Supply Depot  
  164  11:26  Supply Depot  
  164  11:30  Viking x3  
  170  11:38  Thor  
  170  11:39  Thor  
  182  11:40  Supply Depot  
  182  11:45  Missile Turret  
  182  11:47  Orbital Command  
  182  11:50  Refinery  
  182  11:51  Refinery  
  182  11:52  SCV x3  
  182  11:53  Missile Turret  
  185  11:59  Thor  
  191  12:04  SCV x3  
  191  12:05  Missile Turret  
  191  12:06  Concussive Shells  
  194  12:13  Thor, Missile Turret  
  194  12:21  Thor  
  166  13:01  Marauder, Marine  
  166  13:02  Marine  
  166  13:04  Thor x3  
  188  13:10  Medivac  
  190  13:19  Marine  
  185  13:20  Marine  
  185  13:22  Marauder  
  160  13:37  Marine x2  
  162  13:44  Marauder  
  162  13:47  Thor x3  
  178  13:55  Marine x2  
  176  14:05  Marauder  
  136  14:21  Marine  
  136  14:22  Marine  
  132  14:26  Marauder  
  132  14:28  Marine x2  
  132  14:30  Thor  
  136  14:32  Viking x3  
  136  14:35  Thor x2  
  154  14:39  Marine  
  154  14:40  Marine  
  154  14:44  Missile Turret  
  156  14:46  Marine x2  
  156  14:48  Marauder  
  156  14:51  Terran Infantry Armor Level 1  
  160  14:54  Terran Vehicle And Ship Armor Level 1  
  160  14:57  Armory, Marine x2  
  162  15:02  Viking x3  
  162  15:04  Marine x2  
  162  15:06  Missile Turret  
  170  15:09  Marauder  
  170  15:12  SCV x4, Thor  
  182  15:15  Marine x2  
  182  15:17  Thor  
  190  15:21  Marine  
  190  15:22  Marine  
  190  15:23  Command Center  
  190  15:24  SCV x3  
  190  15:25  SCV  
  190  15:27  Missile Turret  
  196  15:30  Marauder  
  196  15:32  Viking  
  196  15:35  Missile Turret x3  
  195  15:49  Missile Turret  
  185  15:51  Marine  
  185  15:55  Missile Turret  
  184  15:57  Missile Turret  
  184  16:20  Medivac x2  
  184  16:21  Medivac  
Show
View Real Time Build Order
Export as new Build Order

qqq Zerg - Winner!

Build Orders: Hatch First 

Get SALT Encoding   

  12  0:01  Drone  
  13  0:08  Drone  
  14  0:37  Hatchery  
  13  0:53  Spawning Pool  
  12  0:59  Overlord  
  12  1:10  Drone  
  13  1:14  Extractor  
  13  1:15  Drone  
  13  1:20  Drone  
  14  1:28  Drone  
  15  1:40  Drone  
  15  1:41  Queen  
  18  1:47  Drone  
  18  1:52  Drone  
  20  2:01  Drone  
  21  2:02  Drone  
  22  2:10  Drone  
  22  2:12  Drone  
  24  2:17  Metabolic Boost  
  24  2:20  Drone  
  25  2:23  Drone  
  26  2:36  Zergling x2  
  26  2:37  Zergling x2  
  28  2:40  Overlord  
  28  2:45  Overlord  
  28  2:50  Overlord  
  28  2:57  Queen  
  30  3:00  Drone  
  30  3:02  Evolution Chamber  
  30  3:08  Drone, Baneling Nest  
  30  3:13  Zergling x4  
  30  3:15  Zergling x2  
  30  3:18  Zergling x2  
  34  3:22  Zergling x2  
  34  3:27  Drone x2  
  37  3:31  Zerg Melee Weapons Level 1  
  37  3:34  Zergling x2  
  37  3:36  Zergling x2  
  37  3:39  Zergling x2  
  40  3:45  Spore Crawler  
  40  3:46  Drone  
  40  3:51  Spore Crawler  
  40  3:52  Drone  
  40  3:55  Drone  
  41  3:57  Zergling x2  
  41  3:59  Zergling x2  
  43  4:04  Baneling x4  
  43  4:07  Zergling x2  
  44  4:12  Overlord  
  44  4:16  Zergling x4  
  46  4:19  Zergling x2  
  47  4:33  Lair  
  45  4:47  Zergling x8  
  45  4:48  Zergling x8  
  50  5:01  Zergling x2  
  50  5:02  Zergling x6  
  49  5:12  Zergling x4  
  49  5:25  Zerg Ground Armor Level 1  
  42  5:45  Zergling x6  
  42  5:46  Zergling x6  
  42  5:47  Zergling x2  
  40  6:06  Zergling x6  
  40  6:07  Zergling x6  
  45  6:15  Extractor  
  45  6:16  Drone  
  44  6:33  Drone x3  
  44  6:34  Drone  
  44  6:36  Hatchery  
  44  6:39  Hatchery  
  46  6:41  Hatchery  
  45  6:47  Drone  
  45  6:52  Drone  
  45  6:53  Drone  
  48  6:54  Spire  
  48  6:55  Zergling x2  
  48  6:57  Drone x2, Zergling x2  
  51  7:19  Zerg Melee Weapons Level 2  
  51  7:21  Drone  
  51  7:50  Zergling x12  
  51  7:51  Drone x2, Zergling x2, Hydralisk Den  
  58  7:52  Drone x4  
  63  7:59  Hatchery  
  61  8:22  Zergling x2  
  61  8:23  Corruptor x3  
  68  8:33  Extractor  
  67  8:34  Extractor  
  67  8:35  Drone x3  
  67  8:36  Drone x4  
  67  8:37  Overlord x3  
  72  8:45  Corruptor  
  72  8:47  Zergling x4  
  74  8:48  Drone  
  74  8:50  Drone  
  74  8:52  Drone  
  77  8:57  Drone x3  
  77  8:58  Drone  
  81  9:02  Corruptor  
  83  9:16  Zergling x6  
  83  9:17  Drone x2, Zergling x4  
  88  9:18  Drone x3  
  88  9:23  Mutalisk  
  93  9:25  Drone x4  
  99  9:42  Infestation Pit  
  98  9:52  Drone x8  
  106  9:53  Drone  
  106  9:54  Overlord  
  106  9:55  Overlord x6  
  107  10:12  Queen  
  109  10:17  Muscular Augments  
  109  10:20  Hive  
  109  10:21  Mutalisk  
  109  10:23  Mutalisk  
  112  10:49  Corruptor x2  
  106  10:51  Mutalisk  
  106  10:52  Zergling x6  
  106  10:53  Drone x6  
  106  10:54  Drone x4  
  121  10:57  Spore Crawler  
  121  10:59  Spine Crawler, Spore Crawler  
  121  11:00  Spore Crawler x2  
  121  11:01  Spore Crawler  
  115  11:05  Spine Crawler  
  115  11:06  Drone x2  
  115  11:07  Drone x4  
  115  11:08  Corruptor  
  115  11:09  Mutalisk  
  124  11:17  Zergling x8  
  124  11:18  Drone x2, Zergling x2  
  129  11:19  Drone x2  
  129  11:21  Spore Crawler  
  129  11:23  Spine Crawler  
  129  11:24  Spore Crawler  
  130  11:26  Drone x3, Spore Crawler  
  130  11:27  Hydralisk  
  130  11:30  Grooved Spines  
  134  11:43  Lurker Den  
  134  11:46  Extractor  
  132  11:47  Extractor  
  132  11:53  Drone x6  
  132  11:54  Drone x3  
  140  11:55  Overlord x3  
  140  11:56  Overlord x2  
  140  11:58  Hydralisk x2  
  140  11:59  Hydralisk x2  
  144  12:18  Viper  
  144  12:20  Zergling x4  
  149  12:23  Drone x4  
  149  12:27  Hydralisk x2  
  149  12:29  Hydralisk  
  157  12:42  Mutalisk  
  149  12:44  Zergling x4  
  149  12:45  Drone x5  
  149  12:46  Drone x3  
  149  12:48  Extractor  
  149  12:49  Extractor x2  
  149  12:50  Extractor  
  143  12:57  Hydralisk x2  
  147  12:59  Zergling x8  
  130  13:26  Hydralisk x2  
  130  13:27  Zergling x8  
  115  13:28  Drone x4  
  115  13:29  Drone  
  117  13:35  Ultralisk Cavern  
  117  13:37  Zerg Ground Armor Level 2  
  117  13:38  Zergling x2  
  117  13:39  Zergling x6  
  117  13:40  Zergling x8  
  115  14:08  Mutalisk x2  
  115  14:09  Hydralisk x3  
  118  14:14  Zergling x2  
  118  14:15  Zergling x6  
  126  14:20  Lurker  
  126  14:22  Lurker  
  126  14:23  Drone x2, Zergling x6  
  126  14:24  Zergling x2  
  134  14:26  Zergling x4  
  134  14:27  Zergling x2  
  137  14:41  Spine Crawler  
  137  14:42  Spine Crawler  
  113  15:01  Ultralisk x2  
  113  15:02  Corruptor x5  
  113  15:04  Zergling x12  
  113  15:05  Zergling x4  
  143  15:08  Drone x6  
  143  15:09  Hydralisk  
  150  15:18  Spine Crawler  
  150  15:19  Spine Crawler  
  150  15:20  Spine Crawler  
  145  15:25  Ultralisk  
  145  15:26  Zergling x6, Ultralisk x2  
  145  15:27  Zergling x4  
  159  15:38  Zergling x2, Ultralisk  
  159  15:39  Zergling x6  
  151  15:59  Hydralisk x4  
  151  16:00  Zergling x8  
  151  16:01  Zergling x2  
  151  16:02  Corruptor  
  151  16:03  Drone x3  
  151  16:04  Drone x3  
  170  16:13  Ultralisk x2  
  170  16:14  Zergling x2  
  183  16:23  Hatchery  
  179  16:46  Lurker  
  178  16:49  Lurker  
Show
View Real Time Build Order
Export as new Build Order

Weasel Protoss 

Build Orders: 1 Gate Expand, Oracle Opening, Carriers, Carrier Rush 

Get SALT Encoding   

  12  0:00  Probe  
  13  0:13  Pylon  
  13  0:17  Probe  
  14  0:31  Gateway  
  14  0:35  Probe (Chrono Boost)  
  15  0:44  Probe (Chrono Boost)  
  15  0:49  Probe (Chrono Boost)  
  16  0:51  Assimilator  
  17  1:01  Probe  
  17  1:13  Probe  
  18  1:21  Cybernetics Core  
  18  1:40  Nexus  
  18  1:45  Probe  
  19  1:55  Assimilator  
  19  1:57  Probe  
  20  2:02  Pylon  
  20  2:10  Probe  
  21  2:16  Stargate  
  21  2:22  Probe  
  22  2:32  Stalker  
  22  2:34  Probe  
  25  2:46  Probe  
  25  2:58  Probe  
  26  3:07  Probe, Oracle (Chrono Boost)  
  26  3:10  Probe  
  31  3:17  Assimilator  
  31  3:19  Probe  
  32  3:20  Pylon  
  32  3:21  Assimilator  
  32  3:22  Probe  
  33  3:28  Protoss Air Weapons Level 1 (Chrono Boost)  
  33  3:31  Probe  
  34  3:35  Probe  
  35  3:43  Probe  
  35  3:47  Probe  
  37  3:55  Probe  
  38  3:58  Fleet Beacon  
  38  3:59  Probe  
  39  4:07  Probe  
  40  4:16  Probe  
  41  4:19  Probe  
  42  4:28  Probe  
  43  4:31  Probe  
  44  4:40  Probe  
  44  4:43  Probe, Carrier (Chrono Boost)  
  47  4:54  Forge  
  47  4:56  Flux Vanes  
  47  4:57  Probe x2  
  49  5:15  Probe x2  
  49  5:21  Protoss Air Armor Level 1  
  51  5:27  Probe  
  51  5:28  Probe  
  53  5:38  Void Ray  
  52  5:45  Pylon  
  52  5:47  Photon Cannon, Pylon  
  48  5:50  Pylon  
  48  5:55  Pylon  
  37  6:11  Stargate  
  37  6:13  Stargate  
  37  6:15  Stargate, Void Ray  
  37  6:17  Probe x2  
  43  6:29  Probe x2 (Chrono Boost)  
  45  6:41  Probe (Chrono Boost)  
  45  6:42  Probe (Chrono Boost)  
  45  6:45  Nexus  
  47  6:47  Probe (Chrono Boost)  
  48  6:59  Probe x2  
  50  7:03  Void Ray  
  50  7:11  Probe x2  
  56  7:23  Probe x2  
  58  7:38  Void Ray x2 (Chrono Boost)  
  58  7:41  Assimilator  
  66  7:45  Assimilator  
  66  7:48  Pylon  
  66  7:49  Probe x2  
  68  8:02  Nexus  
  68  8:05  Carrier (Chrono Boost), Pylon  
  68  8:07  Pylon  
  74  8:17  Protoss Air Weapons Level 2 (Chrono Boost)  
  74  8:28  Void Ray  
  74  8:30  Probe x2  
  80  8:42  Probe x2  
  82  8:54  Probe x2, Void Ray  
  88  9:04  Void Ray  
  88  9:06  Probe x2  
  88  9:09  Pylon  
  90  9:11  Photon Cannon, Pylon  
  90  9:13  Pylon  
  94  9:18  Probe x2  
  96  9:24  Protoss Shields Level 1 (Chrono Boost)  
  96  9:34  Cybernetics Core  
  96  9:40  Pylon  
  96  9:41  Carrier (Chrono Boost)  
  96  9:43  Pylon  
  96  9:46  Robotics Facility  
  96  9:48  Pylon  
  102  10:16  Void Ray  
  102  10:20  Protoss Air Armor Level 2 (Chrono Boost)  
  102  10:23  Pylon  
  102  10:26  Void Ray  
  102  10:27  Pylon  
  106  10:31  Pylon  
  106  10:33  Pylon  
  108  10:51  Probe, Void Ray  
  108  10:52  Probe x2  
  108  10:53  Void Ray x2  
  123  11:25  Observer (Chrono Boost)  
  124  11:47  Carrier (Chrono Boost)  
  124  11:50  Protoss Air Weapons Level 3 (Chrono Boost)  
  130  12:10  Void Ray x2  
  130  12:16  Nexus  
  130  12:19  Assimilator  
  138  12:23  Assimilator  
  138  12:27  Pylon  
  138  12:31  Pylon  
  138  12:34  Pylon  
  126  12:38  Void Ray (Chrono Boost)  
  108  12:45  Void Ray (Chrono Boost)  
  108  12:50  Void Ray (Chrono Boost)  
  84  12:54  Void Ray (Chrono Boost)  
  83  13:15  Void Ray (Chrono Boost)  
  72  13:27  Void Ray x2  
  72  13:49  Void Ray  
  58  14:04  Void Ray  
  58  14:29  Void Ray (Chrono Boost)  
  62  14:52  Carrier (Chrono Boost)  
  62  14:53  Nexus  
  68  15:03  Nexus  
  68  15:34  Carrier (Chrono Boost)  
  74  15:56  Void Ray x2  
  82  16:13  Pylon  
  82  16:14  Pylon  
  82  16:15  Pylon  
  82  16:16  Void Ray  
  82  16:19  Probe x3  
  82  16:20  Probe  
  90  16:31  Probe x3  
  90  16:32  Probe  
Show
View Real Time Build Order
Export as new Build Order

Mastermind Zerg 

Build Orders: Hatch First, Lurkers 

Get SALT Encoding   

  12  0:00  Drone  
  13  0:12  Overlord  
  13  0:17  Drone  
  14  0:30  Drone x2  
  14  0:34  Drone  
  17  0:55  Drone  
  18  0:58  Hatchery  
  18  0:59  Drone  
  18  1:09  Extractor  
  17  1:14  Spawning Pool  
  17  1:17  Drone  
  17  1:20  Drone  
  18  1:27  Drone  
  19  1:38  Overlord  
  19  1:49  Overlord  
  19  2:01  Queen  
  19  2:02  Zergling x2  
  22  2:09  Queen  
  22  2:11  Zergling x2  
  22  2:12  Drone  
  22  2:14  Metabolic Boost  
  26  2:20  Drone  
  26  2:21  Drone  
  28  2:36  Zergling x4  
  30  2:49  Queen  
  32  2:54  Drone x4  
  36  3:04  Drone  
  36  3:05  Drone  
  38  3:06  Queen  
  40  3:15  Drone  
  40  3:16  Drone  
  42  3:25  Lair  
  42  3:26  Drone x2  
  44  3:32  Extractor  
  44  3:33  Overlord x2  
  43  3:35  Extractor  
  43  3:41  Evolution Chamber  
  41  3:54  Drone, Roach Warren  
  41  3:55  Drone x2  
  43  3:56  Drone x2  
  43  3:57  Drone  
  46  4:12  Drone x3  
  46  4:13  Drone x2  
  51  4:34  Glial Reconstitution  
  51  4:35  Roach x2  
  51  4:36  Roach x2  
  59  4:39  Overlord x2  
  59  4:44  Baneling Nest  
  54  4:52  Roach  
  56  4:53  Roach x3  
  56  4:59  Queen  
  43  5:13  Roach x3  
  37  5:22  Drone  
  37  5:23  Drone x3  
  37  5:28  Roach  
  41  5:40  Roach  
  41  5:41  Roach  
  28  6:06  Zergling x12  
  34  6:22  Zergling x2  
  34  6:23  Zergling x2  
  36  6:28  Drone x2  
  38  6:50  Roach Warren  
  38  6:51  Drone x4, Evolution Chamber  
  40  7:03  Baneling x2  
  40  7:04  Baneling x5  
  40  7:05  Baneling  
  40  7:15  Drone x4  
  43  7:16  Hydralisk Den  
  43  7:19  Drone  
  44  7:23  Drone  
  44  7:25  Drone  
  44  7:28  Drone  
  47  7:33  Drone  
  47  7:35  Drone  
  49  7:40  Drone  
  49  7:41  Drone  
  51  7:44  Drone  
  51  7:47  Drone  
  51  7:49  Drone  
  51  7:51  Drone  
  55  7:56  Drone  
  56  8:04  Drone x3  
  59  8:05  Extractor  
  59  8:07  Drone x2  
  59  8:08  Drone  
  59  8:10  Drone  
  62  8:35  Drone x4  
  62  8:36  Drone  
  62  8:37  Drone x5  
  72  8:49  Extractor  
  72  8:53  Extractor, Hatchery  
  69  8:57  Lurker Den  
  68  9:04  Infestation Pit  
  68  9:05  Zerg Missile Weapons Level 1  
  68  9:08  Drone x3  
  68  9:09  Drone x3  
  73  9:13  Drone x3  
  76  9:30  Overlord x3  
  76  9:34  Hatchery  
  75  9:47  Centrifical Hooks  
  75  9:49  Grooved Spines  
  75  9:52  Hive  
  75  10:06  Drone x3  
  78  10:08  Drone x3  
  78  10:11  Hydralisk  
  78  10:12  Hydralisk x4  
  91  10:21  Queen  
  93  10:33  Drone  
  93  10:34  Drone  
  95  10:36  Overlord x4  
  95  10:55  Hydralisk  
  95  10:56  Hydralisk x8  
  113  10:59  Overseer  
  113  11:01  Pneumatized Carapace  
  113  11:03  Zerg Missile Weapons Level 2  
  113  11:06  Extractor  
  113  11:09  Extractor  
  111  11:20  Baneling  
  111  11:21  Baneling x7  
  111  11:25  Overlord  
  111  11:26  Overlord x4  
  111  11:29  Overseer x2  
  111  11:31  Drone x3  
  111  11:32  Drone x2  
  116  11:33  Drone  
  116  11:39  Seismic Spines  
  117  11:47  Hydralisk x2  
  117  11:48  Hydralisk  
  117  11:53  Queen  
  125  12:09  Hydralisk  
  125  12:10  Hydralisk x5  
  137  12:36  Adaptive Talons  
  137  12:48  Zergling x2  
  137  12:49  Zergling x32  
  127  13:30  Hydralisk x12  
  127  13:31  Hydralisk x2  
  130  13:39  Lurker x3  
  130  13:40  Lurker x6  
  135  13:44  Hydralisk  
  135  13:45  Hydralisk x4  
  87  14:29  Hydralisk x2  
  87  14:30  Hydralisk x13  
  107  15:13  Zergling x18  
  109  15:39  Lurker x2  
  109  15:40  Lurker x5  
  44  16:05  Hydralisk x7  
  44  16:06  Hydralisk x2  
Tags
 
Add a new tag
Caveats
  • Supply blocks, unpowered buildings, or Contaminate may cause inaccurate times.
  • Supply counts are checked every 10 seconds.